AoeStats
← Convict

Arabia

505952997Analyzed
1v1 RM · 21d ago on Sep 11, 2026· 65m 8s· 2 players
Game mode
Random Map
Map size
Tiny (2 player)
Population
200
Speed
Normal
Resources
Standard
Victory
Conquest
Starting age
Dark Age
Ending age
Imperial Age
RankedLock teamsTeams togetherTeam positionsShared explorationLock speedFull tech treeHidden civsTurbo modeCheats
Victory
Defeat
🇸🇰 Franks · Slovakia
504
+16
🇧🇷 Byzantines · Brazil
505
-27
Convict
11:08 Loom
13:54 Feudal Age
19:44 Castle Age
18:19 Double-Bit Axe
21:29 Bow Saw
21:29 Husbandry
22:29 Man-at-Arms
22:54 Gambesons
24:41 Wheelbarrow
25:12 Long Swordsman
27:42 Forging
27:34 Scale Mail Armor
29:04 Scale Barding Armor
29:36 Iron Casting
29:33 Hand Cart
29:17 Fletching
31:30 Ballistics
34:55 Murder Holes
34:59 Bodkin Arrow
35:39 Pikeman
36:20 Squires
36:23 Gold Mining
36:26 Stone Mining
38:43 Gold Shaft Mining
41:06 Imperial Age
39:15 Chain Mail Armor
40:58 Chain Barding Armor
40:40 Padded Archer Armor
41:17 Fervor
41:21 Cavalier
46:13 Blast Furnace
46:12 Paladin
48:37 Conscription
49:27 Chivalry
50:08 Plate Barding Armor
49:14 Two-Handed Swordsman
50:28 Fortified Wall
50:09 Champion
51:26 Plate Mail Armor
51:15 Leather Archer Armor
55:10 Halberdier
55:36 Arson
56:59 Chemistry
56:07 Siege Engineers
matheus_deves
7:19 Loom
9:45 Feudal Age
11:13 Double-Bit Axe
25:45 Castle Age
25:59 Elite Skirmisher
26:40 Gold Mining
26:53 Pikeman
28:12 Scale Barding Armor
35:31 Bow Saw
45:11 Greek Fire
48:15 Gold Shaft Mining
50:20 Forging
55:37 Wheelbarrow
55:46 Husbandry
60:09 Imperial Age
57:58 Hand Cart
58:51 Ballistics
58:23 Guard Tower
58:39 Horse Collar
60:56 Halberdier
Connection lost

Rejoining the realm…

Still unreachable

The connection could not be restored.

Session expired

The server has moved on; the page needs a fresh start.